 Dungeon Crawl Stone Soup version 0.27.0-1-g7a089689b8 (webtiles) character file.

Game seed: 6619724145681404340

58999 mainiacjoe the Arsonist (level 14, -12/68 HPs)
             Began as a Spriggan Fire Elementalist on Aug 7, 2021.
             Was a High Priest of Vehumet.
             Killed from afar by a lindwurm (29 damage)
             ... with a blast of flame
             ... on level 6 of the Lair of Beasts.
             The game lasted 02:38:15 (31558 turns).

mainiacjoe the Arsonist (SpFE)                     Turns: 31558, Time: 02:38:15

Health: -12/68     AC:  6    Str:  4    XL:     14   Next: 51%
Magic:  28/28      EV: 27    Int: 21    God:    Vehumet [*****.]
Gold:   318        SH:  8    Dex: 16    Spells: 2/32 levels left

rFire    . . .     SeeInvis +   a - +9 scimitar (freeze)
rCold    . . .     Faith    .   E - +0 buckler
rNeg     . . .     Spirit   .   R - +0 robe {Archmagi}
rPois    .         Reflect  .   T - +0 hat {Stlth+}
rElec    .         Harm     .   (no cloak)
rCorr    .         Rampage  .   (gloves unavailable)
Will     ++...     Archmagi +   (boots unavailable)
Stlth    ++++++....             v - amulet of regeneration
HPRegen  1.21/turn              L - ring "Dyteis" {AC+4 Stlth+, =R}
MPRegen  0.21/turn              f - +4 ring of evasion

@: very quick
A: very small, no large weapons, unfitting armour, see invisible, speed 3
a: Renounce Religion


You were on level 6 of the Lair of Beasts.
You worshipped Vehumet.
Vehumet was extremely pleased with you.
You visited 3 branches of the dungeon, and saw 17 of its levels.
You also visited: Ice Cave.

You collected 1707 gold pieces.
You spent 1389 gold pieces at shops.

Inventory:

Hand Weapons
 a - a +9 scimitar of freezing (weapon)
 b - a +0 hunting sling
 c - a +4 morningstar
 w - a +1 dagger of flaming
Missiles
 e - 6 poisoned darts
 h - 64 sling bullets
 p - 418 stones
 C - 6 curare-tipped darts {=F}
 D - 5 boomerangs (quivered)
 H - 19 bolts
Armour
 E - a +0 buckler (worn)
 F - a +1 robe of willpower
 M - a +0 robe of resistance
 R - a +0 robe of the Archmagi (worn)
 T - a +0 hat of stealth (worn)
Jewellery
 f - a +4 ring of evasion (right hand)
 j - an amulet of magic regeneration
 l - a ring of ice
 n - an amulet of reflection
 r - a +6 ring of strength
 u - a ring of ice
 v - an amulet of regeneration (around neck)
 y - a ring of protection from cold
 L - the ring "Dyteis" (left hand) {AC+4 Stlth+, =R}
   (You bought it in a shop on level 8 of the Dungeon)

   [ring of protection]

   AC:        It affects your AC (+4).
   Stlth:     It makes you more stealthy.
 O - a ring of willpower
Wands
 K - a wand of flame (12)
 U - a wand of polymorph (5)
 W - a wand of digging (1)
Scrolls
 i - a scroll of amnesia
 k - 6 scrolls of teleportation
 m - 2 scrolls of fog
 s - a scroll of fear
 t - 4 scrolls of magic mapping
 A - 4 scrolls of immolation
 I - 2 scrolls of holy word
 Q - 2 scrolls of vulnerability
 X - a scroll of torment
Potions
 d - 8 potions of berserk rage
 g - a potion of haste
 o - a potion of heal wounds
 q - 4 potions of brilliance
 x - 4 potions of curing
 z - a potion of might
 B - 11 potions of ambrosia
 G - a potion of resistance
 J - a potion of magic {unknown}
 N - 3 potions of lignification
 S - a potion of mutation
 V - 2 potions of flight
Miscellaneous
 P - a phantom mirror


   Skills:
 - Level 5.0 Fighting
 + Level 5.2 Long Blades
 - Level 10.0 Dodging
 - Level 10.0 Stealth
 - Level 7.2 Shields
 - Level 9.5 Spellcasting
 - Level 10.0 Conjurations
 - Level 3.0 Hexes
 - Level 8.0 Translocations
 - Level 11.0 Fire Magic
 - Level 1.5 Air Magic
 - Level 3.0 Evocations


You had 2 spell levels left.
You knew the following spells:

 Your Spells              Type           Power      Damage    Failure   Level
a - Foxfire               Conj/Fire      100%       2x1d9     1%          1
b - Inner Flame           Hex/Fire       56%        N/A       1%          3
c - Gell's Gravitas       Tloc           30%        N/A       1%          3
d - Sticky Flame          Conj/Fire      69%        2d8       1%          4
e - Iskenderun's Mystic   Conj/Tloc      64%        2d13      1%          4
f - Conjure Flame         Conj/Fire      69%        6-21      1%          3
k - Shock                 Conj/Air       100%       1d9       1%          1
s - Starburst             Conj/Fire      34%        8x6d10    4%          6
z - Fireball              Conj/Fire      34%        3d14      1%          5

Your spell library contained the following spells:

 Spells                   Type           Power      Damage    Failure   Level
 Conjure Ball Lightning   Conj/Air       25%        3x3d7     24%         6
 Apportation              Tloc           100%       N/A       1%          1
 Animate Skeleton         Necr           28%        N/A       7%          1
 Pain                     Necr           56%        1d6       7%          1
 Dazzling Flash           Conj/Hex       100%       N/A       1%          3
 Lesser Beckoning         Tloc           30%        N/A       1%          3
 Teleport Other           Tloc           60%        N/A       1%          3
 Frozen Ramparts          Ice            28%        1d4       5%          3
 Vampiric Draining        Necr           7%         2d7       21%         3
 Iron Shot                Conj/Erth      23%        9d5       32%         6
 Animate Armour           Summ/Erth      28%        N/A       56%         4
 Ice Form                 Ice/Tmut       14%        N/A       56%         4
 Summon Ice Beast         Ice/Summ       14%        N/A       56%         4
 Alistair's Intoxication  Tmut/Pois      9%         N/A       88%         5
 Blade Hands              Tmut           7%         N/A       88%         5
 Invisibility             Hex            16%        N/A       97%         6
 Disjunction              Tloc           30%        N/A       100%        8


Dungeon Overview and Level Annotations

Branches:
Dungeon (10/15)            Temple (1/1) D:4            Lair (6/6) D:9
  Swamp (0/4) Lair:4       Spider (0/4) Lair:2        Slime (0/5) Lair:5
  IceCv (visited)
    Orc: D:9-12

Altars:
Ashenzari
Cheibriados
Dithmenos
Elyvilon
Fedhas
Gozag
Hepliaklqana
Kikubaaqudgha
Okawaru
Qazlal
Ru
Sif Muna
Uskayaw
Vehumet
Wu Jian
Xom
Yredelemnul
Zin
Beogh
Jiyva

Shops:
D:1 ?   D:8 =   D:9 [

Annotations:
D:2 flight vaut
D:10 exclusion: vampire
Lair:5 Nessos


Innate Abilities, Weirdness & Mutations

You are very small and have problems with some larger weapons.
You are too small for most types of armour.
You have supernaturally acute eyesight. (SInv)
You cover ground extremely quickly. (Speed+++)


Message History

a - a +9 scimitar of freezing (weapon)
You throw a boomerang.
The boomerang hits the molten gargoyle but does no damage.
The molten gargoyle blasts magma at you!
The bolt of magma hits you!
You barely miss the molten gargoyle.
The molten gargoyle hits you with a +0 mace!
You are engulfed in flames!
You are too injured to fight recklessly!
You are too injured to fight recklessly!
You hit the molten gargoyle. You freeze the molten gargoyle.
The molten gargoyle is lightly damaged.
You block the molten gargoyle's attack.
You barely miss the molten gargoyle.
The molten gargoyle is lightly damaged.
The molten gargoyle closely misses you.
You closely miss the molten gargoyle.
The molten gargoyle is lightly damaged.
The molten gargoyle hits you with a +0 mace!
You are engulfed in flames!
* * * LOW HITPOINT WARNING * * *
Unknown command.
As you read the scroll of teleportation, it crumbles to dust.
You feel strangely unstable.
The molten gargoyle blasts magma at you!
The bolt of magma misses you.
You feel much better.
The molten gargoyle completely misses you.
The molten gargoyle hits you with a +0 mace!!
You are engulfed in flames!
* * * LOW HITPOINT WARNING * * *
The molten gargoyle blasts magma at you!
The bolt of magma misses you.
Your surroundings suddenly seem different.
A komodo dragon, a black mamba and a wyvern come into view.
A lindwurm comes into view.
The wyvern moves out of view.
The komodo dragon moves out of view.
The lindwurm breathes flames at you. The blast of flame hits you!!
You die...

#≈≈§§l......# #.
#≈≈§..S....# #.
#≈≈≈§.....## #. . #≈≈#
.....8# #. ..
##.≈###§...# #.
#####.§.#§§§# ##.
§≈.k≈§≈§§§## #..
#§§§≈#..#§§ #..
..§§..@###≈≈ ##..
##...§§#.....##≈≈
##... #.....#.....##
#≈≈ ##....
......#....8# ##≈
#..... 9..........##
≈###..... ........#8
#### #...... #.....# #
#..#####...... ##....#
##....##....... ####
#...####..............


You could see a lindwurm (catching breath).

Vanquished Creatures
  2 ice dragons
  8 hydras
  2 boulder beetles
  13 death yaks
  Nergalle (Lair:1)
  An oklob plant (Lair:1)
  24 elephants
  2 ice statues (IceCv)
  6 black mambas
  6 rime drakes
  14 cane toads
  10 komodo dragons
  A freezing wraith (D:7)
  3 polar bears
  A queen bee (Lair:3)
  13 dream sheep
  8 blink frogs (Lair:6)
  A wraith (D:9)
  49 yaks
  6 basilisks
  4 wyverns
  4 hell hounds (Lair:6)
  21 water moccasins
  A sky beast (D:6)
  8 orc warriors
  An ice beast (D:6)
  6 black bears
  2 ogres (D:5)
  2 necrophages (D:5)
  5 centaurs
  A phantom (D:6)
  A kobold brigand (D:8)
  2 scorpions (D:6)
  13 bullfrogs
  A wyvern skeleton (D:6)
  5 lindwurm simulacra (IceCv)
  24 killer bees (Lair:3)
  20 wights
  An electric eel (Lair:4)
  4 komodo dragon simulacra (IceCv)
  5 hounds
  3 jellies
  3 centaur skeletons
  3 centaur zombies
  4 orc priests
  2 bullfrog skeletons
  3 gnoll shamans
  6 iguanas
  5 orc wizards
  3 howler monkey zombies
  16 gnolls
  3 acid dragon simulacra (IceCv)
  6 adders
  A shadow imp (D:6)
  16 white imps
  2 ufetubi
  9 steam dragon simulacra (IceCv)
  A worm (D:2)
  2 dart slugs (D:1)
  41 orcs
  7 bats
  6 endoplasms
  2 giant cockroaches (D:2)
  10 goblins
  12 hobgoblins
  2 jackals (D:2)
  2 quokkas (D:1)
  4 ball pythons
  6 frilled lizards
  10 kobolds
  4 rats
  2 bushes (Lair:5)
498 creatures vanquished.

Vanquished Creatures (collateral kills)
  2 foxfires (Lair:1)
2 creatures vanquished.

Vanquished Creatures (others)
  2 bushes
  1149 foxfires
  50 fungi
  70 plants
1271 creatures vanquished.

Grand Total: 1771 creatures vanquished

Notes
Turn   | Place    | Note
-------+----------+-------------------------------------------
     0 | D:1      | mainiacjoe the Spriggan Fire Elementalist began the quest
                  | for the Orb.
     0 | D:1      | Reached XP level 1. HP: 9/9 MP: 5/5
   215 | D:1      | Reached skill level 1 in Conjurations
   419 | D:1      | Reached XP level 2. HP: 13/13 MP: 3/6
   525 | D:1      | Found Gavej's Magic Scroll Shoppe.
  1073 | D:1      | Found a hazy altar of Hepliaklqana.
  1432 | D:2      | Reached XP level 3. HP: 12/16 MP: 0/8
  1438 | D:2      | Learned a level 3 spell: Inner Flame
  1442 | D:2      | Learned a level 3 spell: Conjure Flame
  1671 | D:2      | Reached skill level 5 in Stealth
  2012 | D:1      | Bought a scroll of identify for 26 gold pieces
  2067 | D:2      | Reached XP level 4. HP: 21/21 MP: 4/9
  2490 | D:1      | Bought a scroll of fog for 26 gold pieces
  2543 | D:2      | Found a faded altar of an unknown god.
  3035 | D:3      | Reached skill level 3 in Fire Magic
  3035 | D:3      | Reached XP level 5. HP: 18/24 MP: 1/10
  3368 | D:1      | Bought a scroll of teleportation for 39 gold pieces
  4252 | D:4      | Found an opulent altar of Gozag.
  4322 | D:4      | Found a white marble altar of Elyvilon.
  4452 | D:4      | Reached XP level 6. HP: 28/28 MP: 6/11
  4532 | D:4      | Found a staircase to the Ecumenical Temple.
  4538 | Temple   | Entered the Ecumenical Temple
  4777 | Temple   | Became a worshipper of Vehumet
  5075 | D:5      | Entered Level 5 of the Dungeon
  5132 | D:1      | Bought a scroll of fear for 45 gold pieces
  5319 | D:5      | Reached skill level 4 in Fire Magic
  5451 | D:5      | Reached XP level 7. HP: 32/32 MP: 6/12
  5989 | D:5      | Reached skill level 5 in Fire Magic
  6007 | D:5      | Reached skill level 10 in Stealth
  6144 | D:5      | Reached XP level 8. HP: 36/36 MP: 6/13
  6441 | D:1      | Bought a scroll of blinking for 97 gold pieces
  6926 | D:6      | Reached * piety under Vehumet
  6926 | D:6      | Offered knowledge of Shock by Vehumet.
  6978 | D:6      | Reached skill level 5 in Conjurations
  7238 | D:6      | Reached skill level 6 in Fire Magic
  7238 | D:6      | Reached skill level 1 in Hexes
  7240 | D:6      | Learned a level 1 spell: Shock
  7245 | D:6      | Learned a level 4 spell: Iskenderun's Mystic Blast
  7491 | D:6      | Reached skill level 1 in Translocations
  7518 | D:5      | Noticed a rust devil
  7518 | D:5      | Noticed a rust devil
  7658 | D:6      | Reached skill level 1 in Air Magic
  7658 | D:6      | Reached XP level 9. HP: 39/39 MP: 0/16
  8056 | D:1      | Bought a scroll of magic mapping for 45 gold pieces
  8832 | D:1      | Bought a scroll of immolation for 45 gold pieces
  9326 | D:7      | Noticed a death knight
  9326 | D:7      | Noticed a skeletal warrior
  9326 | D:7      | Noticed a freezing wraith
  9326 | D:7      | Noticed a freezing wraith
  9326 | D:7      | Noticed a skeletal warrior
  9428 | D:6      | Reached skill level 5 in Translocations
 10302 | D:7      | Reached ** piety under Vehumet
 10302 | D:7      | Offered knowledge of Static Discharge by Vehumet.
 10319 | D:7      | Reached skill level 7 in Fire Magic
 10626 | D:7      | Killed a freezing wraith
 11026 | D:8      | Found Ogetheiq's Jewellery Shop.
 11852 | D:8      | Reached XP level 10. HP: 44/44 MP: 15/17
 11968 | D:8      | Offered knowledge of Stone Arrow by Vehumet.
 12702 | D:8      | Reached skill level 1 in Fighting
 12949 | D:8      | Reached *** piety under Vehumet
 14192 | D:9      | Reached skill level 5 in Dodging
 14278 | D:9      | Reached skill level 1 in Shields
 14330 | D:9      | Offered knowledge of Mephitic Cloud by Vehumet.
 14549 | D:9      | Found a staircase to the Lair.
 14616 | D:9      | Found an ornate altar of the Wu Jian Council.
 14797 | D:9      | Found Guepsotast's Armour Boutique.
 15582 | D:10     | Entered Level 10 of the Dungeon
 16474 | D:10     | Noticed a centaur warrior
 16542 | Lair:1   | Entered Level 1 of the Lair of Beasts
 16636 | Lair:1   | Noticed a cane toad
 16684 | Lair:1   | Noticed a cane toad
 16752 | Lair:1   | Killed a cane toad
 16761 | Lair:1   | Learned a level 4 spell: Sticky Flame
 16776 | Lair:1   | Reached **** piety under Vehumet
 16811 | Lair:1   | Found a frozen archway.
 16892 | IceCv    | Entered an ice cave
 16904 | IceCv    | Offered knowledge of Olgreb's Toxic Radiance by Vehumet.
 17043 | IceCv    | Reached XP level 11. HP: 54/54 MP: 8/18
 17999 | IceCv    | Noticed an ice dragon
 18104 | IceCv    | Killed an ice dragon
 18105 | IceCv    | Reached skill level 5 in Fighting
 18472 | Lair:1   | Noticed Nergalle
 18489 | Lair:1   | Killed Nergalle
 18584 | D:8      | Bought the ring "Dyteis" {AC+4 Stlth+} for 549 gold pieces
 18680 | D:1      | Bought a scroll of teleportation for 39 gold pieces
 18680 | D:1      | Bought 2 scrolls of identify for 52 gold pieces
 18680 | D:1      | Bought a scroll of teleportation for 39 gold pieces
 19044 | Lair:1   | Reached skill level 5 in Shields
 19271 | Lair:1   | Found a hazy altar of Hepliaklqana.
 19498 | Lair:1   | Noticed an oklob plant
 19522 | Lair:1   | Killed an oklob plant
 19523 | Lair:1   | Reached skill level 10 in Dodging
 20132 | Lair:2   | Reached skill level 5 in Spellcasting
 20624 | Lair:2   | Learned a level 5 spell: Fireball
 20714 | Lair:2   | Found a stormy altar of Qazlal.
 20996 | Lair:2   | Noticed a five-headed hydra
 21019 | Lair:2   | Killed a five-headed hydra
 21020 | Lair:2   | Reached XP level 12. HP: 60/60 MP: 10/22
 21373 | Lair:2   | Found a hole to the Spider Nest.
 21638 | Lair:2   | Noticed a seven-headed hydra
 21656 | Lair:2   | Killed a seven-headed hydra
 22390 | Lair:3   | Reached skill level 8 in Fire Magic
 22394 | Lair:3   | Learned a level 3 spell: Gell's Gravitas
 22528 | Lair:3   | Noticed a boulder beetle
 23226 | Lair:3   | Reached ***** piety under Vehumet
 23226 | Lair:3   | Offered knowledge of Iron Shot by Vehumet.
 23642 | Lair:3   | Killed a boulder beetle
 24243 | Lair:4   | Learned a level 6 spell: Starburst
 24986 | D:9      | Bought a +0 robe of the Archmagi for 387 gold pieces
 25087 | Lair:4   | Reached XP level 13. HP: 8/63 MP: 16/27
 25158 | Lair:4   | Found a staircase to the Swamp.
 25830 | Lair:4   | Reached skill level 9 in Fire Magic
 26096 | Lair:5   | Got Sif Muna's Reference Book on Orientation
 26117 | Lair:5   | Offered knowledge of Conjure Ball Lightning by Vehumet.
 26550 | Lair:5   | Found a staircase to the Slime Pits.
 26550 | Lair:5   | Found a viscous altar of Jiyva.
 27531 | Lair:5   | Found an ornate altar of the Wu Jian Council.
 27721 | Lair:5   | Found a hide-covered altar of Uskayaw.
 27745 | Lair:5   | Noticed Nessos
 28371 | Lair:6   | Entered Level 6 of the Lair of Beasts
 28724 | Lair:6   | Reached skill level 10 in Fire Magic
 29566 | Lair:6   | Reached skill level 11 in Fire Magic
 29580 | Lair:6   | Reached XP level 14. HP: 68/68 MP: 13/28
 30298 | Lair:6   | Reached skill level 10 in Conjurations
 30338 | Lair:6   | Reached skill level 1 in Long Blades
 31152 | Lair:6   | Reached skill level 5 in Long Blades
 31558 | Lair:6   | Killed from afar by a lindwurm

Illustrated notes

Levels and vault maps discovered:
D:1:      dpeg_arrival_water_altar, layout_loops_ring, serial_shops, shop
D:2:      minmay_diamond_boxcup, layout_basic,
          hellmonk_ecumenical_altar_leap_of_faith, kennysheep_flooded_box,
          minmay_tripent
D:3:      cheibrodos_old_hovel, layout_basic
D:4:      layout_basic, mainiacjoe_overflow_six_doors_small,
          nicolae_overflow_crystal_walls, minmay_temple_entry_grid,
          minmay_vboxes
D:5:      cheibrodos_iron_armory, layout_gridville
D:6:      layout_gridville
D:7:      layout_rooms
D:8:      layout_loops_ring, serial_shops, nicolae_stop_n_shop_1, special_room
          [special_room_orc], roderic_lattice_a, minivault_24
D:9:      layout_loops_corners, mainiacjoe_overflow_brackets,
          minmay_lair_entry_grove, serial_shops, shop_fountains
D:10:     cheibrodos_fzero, layout_basic, minitemple
Temple:   regret_index_temple_generic_petals
Lair:1:   layout_layer_cave, basic_altar, portal_ice_cave_entry_imps,
          serial_bayou_shore_a, lemuel_fruit_fields, grunt_megastairs_2,
          minmay_lair_oklob_chamber, lemuel_fruit_fields, uniq_nergalle
Lair:2:   layout_cave_pods, dummy_spider_entry, basic_altar
Lair:3:   layout_cave_pods, special_room [special_room_bee], st_stairs_10,
          grunt_megastairs_1
Lair:4:   layout_regular_city, swamp_mist_pool, bobbens_ice_dragon_lair,
          lemuel_fruit_fields, grunt_megastairs_3, lemuel_fruit_fields
Lair:5:   layout_small_grid, slime_altar_1, st_stairs_8, serial_bayou_pond_b,
          chequers_serial_rivers_micro_d, nzn_masters_of_martial_movement,
          uniq_nessos
Lair:6:   cheibrodos_lair_end_hotspot, layout_regular_city

Skill      XL: |  1  2  3  4  5  6  7  8  9 10 11 12 13 14 |
---------------+-------------------------------------------+-----
Conjurations   | 1 2 3 5 6 7 9 10 | 10.0
Stealth        | 4 5 6 7 8 10 | 10.0
Fire Magic     | 3 4 5 6 7 8 11 | 11.0
Hexes          | 1 3 |  3.0
Spellcasting   | 4 6 9 |  9.5
Translocations | 2 7 8 |  8.0
Air Magic      | 1 |  1.5
Dodging        | 7 10 | 10.0
Fighting       | 4 5 |  5.0
Shields        | 3 6 7 |  7.2
Evocations     | 3 |  3.0
Long Blades    | 5 |  5.2

Action                   |  1- 3 |  4- 6 |  7- 9 | 10-12 | 13-15 || total
-------------------------+-------+-------+-------+-------+-------++-------
Melee: Mace              |     2 |     4 |       |       |       ||     6
       Dagger            |     1 |    18 |    37 |     2 |     2 ||    60
       Whip              |       |     1 |    14 |       |       ||    15
       Morningstar       |       |       |     6 |     3 |       ||     9
       Scimitar          |       |       |       |   147 |   134 ||   281
 Fire: Hunting sling     |       |     2 |    31 |   113 |    48 ||   194
Throw: Stone             |       |       |     1 |     1 |       ||     2
       Boomerang         |       |       |       |     7 |    27 ||    34
 Cast: Foxfire           |    67 |   102 |   238 |   194 |    77 ||   678
       Inner Flame       |       |       |    32 |   123 |    39 ||   194
       Conjure Flame     |       |       |     2 |    18 |     1 ||    21
       Shock             |       |       |    15 |    26 |       ||    41
       Iskenderun's Myst |       |       |     2 |    44 |    22 ||    68
       Sticky Flame      |       |       |       |    13 |     4 ||    17
       Fireball          |       |       |       |    20 |    76 ||    96
       Gell's Gravitas   |       |       |       |    20 |     7 ||    27
       Starburst         |       |       |       |       |    24 ||    24
Evoke: Wand              |       |       |       |     9 |     3 ||    12
  Use: Scroll            |     2 |     2 |     2 |     9 |     6 ||    21
       Potion            |       |       |     1 |     7 |     2 ||    10
 Stab: Sleeping          |     1 |     9 |     6 |       |     2 ||    18
Armor: Robe              |       |     2 |     2 |    20 |    13 ||    37
Dodge: Dodged            |     6 |    12 |   100 |   235 |   172 ||   525
Block: Buckler           |       |       |       |   127 |    62 ||   189
       Reflection        |       |       |       |     8 |       ||     8
       Other             |       |       |       |     2 |       ||     2
       Rpst.: Scimitar   |       |       |       |    43 |    44 ||    87
